 Dungeon Crawl Stone Soup version 0.30-a0-949-g53dc5368d7 (webtiles) character file.

Game seed: 16362145311372354271

46 mopl the Insei (level 3, 0/27 HPs)
             Began as a Djinni Transmuter on Mar 27, 2023.
             Slain by a goblin
             ... wielding a +0 club
             ... led by Robin
              (6 damage)
             ... on level 2 of the Dungeon.
             The game lasted 00:01:39 (969 turns).

mopl the Insei (Djinni Transmuter)                   Turns: 969, Time: 00:01:40

Health: 0/27       AC:  3    Str: 11    XL:     3   Next: 92%
Gold:   64         EV: 12    Int: 14    God:
                   SH:  0    Dex: 13

rFire   + + .      SeeInvis .    h - +1 dagger (elec)
rCold   x . .      Faith    .    (no shield)
rNeg    . . .      Spirit   .    a - +0 robe
rPois   ∞          Reflect  .    (helmet currently unavailable)
rElec   .          Rampage  .    f - +0 cloak
rCorr   .                        (no gloves)
Will    .....                    (boots unavailable)
Stlth   +                        (no amulet)
HPRegen 0.24/turn                (no ring)
MPRegen 0.00/turn                (no ring)

@: appendages (expiring), wereblooded, flying
A: horns 2, flying, sickness immunity, fire resistance 2, cold vulnerability 1,
float, innate caster, HP casting, extra vitality 1
a: End Transformation


You were on level 2 of the Dungeon.
You had temporarily grown beastly horns.
You visited 1 branch of the dungeon, and saw 2 of its levels.

You collected 64 gold pieces.

Inventory:

Hand Weapons
 h - a +1 dagger of electrocution (weapon)
Missiles
 b - 4 poisoned darts
 j - a throwing net
Armour
 a - a +0 robe (worn)
 f - a +0 cloak (worn)
Scrolls
 c - 3 scrolls of fear {unknown}
 d - a scroll of noise {unknown}
 e - a scroll of fog {unknown}
 g - a scroll of teleportation {unknown}
 i - a scroll of blinking {unknown}


   Skills:
 - Level 1.0 Fighting
 - Level 2.1 Dodging
 * Level 4.1 Unarmed Combat
 + Level 2.1 Spellcasting


You knew the following spells:

 Your Spells              Type           Power      Damage    Failure   Level
a - Beastly Appendage     Tmut           14%        N/A       10%         1
b - Spider Form           Tmut/Pois      7%         N/A       30%         3
c - Apportation           Tloc           14%        N/A       10%         1
d - Ice Form              Ice/Tmut       7%         N/A       69%         4
w - Wereblood             Tmut           7%         N/A       16%         2
Your spell library was empty.

Dungeon Overview and Level Annotations

Branches:
Dungeon (2/15)

Altars:

Annotations:
D:2 Robin


Innate Abilities, Weirdness & Mutations

You have temporarily grown beastly horns.
You are flying.
You are immune to sickness and miasma.
You are immune to poison.
Your flesh is very heat resistant. (rF++)
You are vulnerable to cold. (rC-)
You float through the air rather than walking.
You learn spells naturally, not from books.
Your magical power is your life essence.
You have superior vitality. (+4 MHP)


Message History

The goblin hits you with a +0 dagger.
You hit the goblin.
You kill the goblin!
The goblin completely misses you.
A hobgoblin comes into view.
You see here a +0 dagger.
You barely miss the goblin. The goblin misses you.
You hit the goblin. Your punch misses the goblin.
The goblin is heavily wounded.
The goblin closely misses you.
You hit the goblin.
You kill the goblin!
You hit the hobgoblin.
The hobgoblin is severely wounded.
The hobgoblin hits you.
Robin of the Strong Arm comes into view.
They are wielding a +0 dagger.
You closely miss the hobgoblin.
The hobgoblin is severely wounded.
The hobgoblin closely misses you. Robin throws the goblin at you!
You hit the hobgoblin.
The hobgoblin is almost dead.
The goblin hits you but does no damage. The hobgoblin hits you.
You grow a pair of large bovine horns.
Your transformation is almost over.
The hobgoblin hits you.
Robin roars a battlecry!
The goblins go into a battle-frenzy!
The goblin hits you with a +0 club.
You hear a shout!
Casting: Beastly Appendage (safe; 10% risk of failure)
Confirm with . or Enter, or press ? or * to list all spells.
Your blood is infused with primal strength.
The goblin closely misses you. The hobgoblin hits you.
* * * LOW HITPOINT WARNING * * *
Unknown command.
Unknown command.
You hit the goblin.
The goblin is severely wounded.
The goblin hits you with a +0 club.
You die...

########.....####.#########.#
...........................#
#########.....####.###########
........'.....+...........
#########.....####...#####
#.....# #...# ####### #...#
.....>###...# .....gg@g...#
##..#.###...# # ....# #...#
#...# #.... #..... ......


You could see Robin, a hobgoblin (strong) and a goblin (strong).

Vanquished Creatures
  A dart slug (D:1)
  A ball python (D:1)
  3 endoplasms (D:1)
  6 goblins
  3 hobgoblins (D:1)
  7 jackals (D:1)
  A quokka (D:1)
  A bat (D:1)
  12 frilled lizards
  3 kobolds (D:1)
  3 rats (D:1)
41 creatures vanquished.

Vanquished Creatures (others)
  8 plants (D:1)
8 creatures vanquished.

Grand Total: 49 creatures vanquished

Notes
Turn   | Place    | Note
-------+----------+-------------------------------------------
     0 | D:1      | mopl the Djinni Transmuter began the quest for the Orb.
     0 | D:1      | mopl set off with the following spells memorised: Beastly
                  | Appendage, Wereblood, Spider Form, Ice Form.
     0 | D:1      | Reached XP level 1. HP: 17/17 MP: 0/0
   169 | D:1      | Reached XP level 2. HP: 14/22 MP: 0/0
   332 | D:1      | Reached XP level 3. HP: 27/27 MP: 0/0
   332 | D:1      | Learned a level 1 spell: Apportation
   368 | D:1      | Reached skill level 2 in Spellcasting
   476 | D:1      | Reached skill level 4 in Unarmed Combat
   964 | D:2      | Noticed Robin
   969 | D:2      | Slain by a goblin

Illustrated notes

Levels and vault maps discovered:
D:1:      elethiomel_arrival_shortcut, layout_loops_ring, minmay_lizard_king
D:2:      kennysheep_the_goblin_king, layout_basic, serial_shops,
          nicolae_shop_hallway_plus, minmay_door_square, minivault_26,
          uniq_robin, uniq_sigmund, uniq_jessica

Skill      XL: |  1  2  3 |
---------------+----------+-----
Spellcasting   | 2 |  2.1
Unarmed Combat | 4 |  4.1
Fighting       | |  1.0
Dodging        | |  2.1

Action                     || total
---------------------------++-------
  Melee: Unarmed           ||   101
         Headbutt          ||     7
         Punch             ||     3
         Dagger            ||    20
   Cast: Beastly Appendage ||     9
         Wereblood         ||     1
    Use: Potion            ||     1
   Stab: Sleeping          ||     1
 Armour: Robe              ||    21
         Skin              ||     7
  Dodge: Dodged            ||    75

Table legend: (Time is in decaauts)
 A = Elapsed time spent in this place.
 B = Non-inter-level travel time spent in this place.
 C = Inter-level travel time spent in this place.
 D = Time resting spent in this place.
 E = Time spent auto-exploring this place.
 F = Levels seen in this place.
 G = Mean time per level.
                   A        B        C        D        E       F      G
               +--------+--------+--------+--------+--------+-----+--------+
         Total |    960 |    932 |     28 |     87 |    614 |   2 |  480.0 |
       Dungeon |    960 |    932 |     28 |     87 |    614 |   2 |  480.0 |
               +--------+--------+--------+--------+--------+-----+--------+

Top non-repeatable levels by time:
     D:1: 869 daAuts
     D:2: 91 daAuts
